 Dungeon Crawl Stone Soup version 0.17.1-3-g152610e (webtiles) character file.

6228 Gargoyl the Covered (level 10, -26/80 HPs)
             Began as a Demonspawn Abyssal Knight on Mar 11, 2016.
             Was a High Priest of Lugonu.
             Killed from afar by a centaur (27 damage)
             ... with a wand of lightning
             ... on level 9 of the Dungeon.
             The game lasted 00:19:32 (9491 turns).

Gargoyl the Covered (Demonspawn Abyssal Knight)     Turns: 9491, Time: 00:19:33

Health: -26/80     AC: 20    Str: 12 (15) XL:     10   Next: 61%
Magic:  12/12      EV:  5    Int: 15      God:    Lugonu [*****.]
Gold:   501        SH:  0    Dex: 12      Spells: 0 memorised, 9 levels left

rFire  + . .     SeeInvis .     n - +0 war axe
rCold  + . .     Clarity  .     f - +2 plate armour {MR+}
rNeg   . . .     SustAt   .     (no shield)
rPois  +         Gourm    .     d - +0 helmet
rElec  .         Spirit   .     (no cloak)
rCorr  .         Warding  .     (no gloves)
rMut   .         Stasis   .     (boots unavailable)
MR     +....                    (no amulet)
Stlth  ..........               (no ring)
                                F - ring of protection from cold

@: somewhat resistant to hostile enchantments, extremely unstealthy
A: claws 1, hooves 3, yellow scales 2, fire resistance 1, poison resistance,
shaggy fur 1, spiny 1
a: Depart the Abyss, Bend Space, Banish, Corrupt, Enter the Abyss, Renounce
Religion


You were on level 9 of the Dungeon.
You worshipped Lugonu.
Lugonu was extremely pleased with you.
You were not hungry.

You visited 1 branch of the dungeon, and saw 9 of its levels.
You visited the Abyss 1 time.

You collected 501 gold pieces.

Inventory:

Hand Weapons
 a - a cursed -1 spear
 n - a +0 war axe (weapon)
 x - a +6 flail of protection
Armour
 d - a +0 helmet (worn)
 f - a +2 plate armour of magic resistance (worn)
Jewellery
 F - a ring of protection from cold (left claw)
Wands
 q - a wand of disintegration (21)
 t - a wand of frost (25)
 C - a wand of frost (25)
Scrolls
 b - 2 scrolls of remove curse
 e - 10 scrolls of identify
 l - 3 scrolls of enchant weapon
 y - 3 scrolls of teleportation
 z - 2 scrolls of fog
 B - a scroll of fear
Potions
 j - a potion of flight
 k - 5 potions of curing
 p - a potion of heal wounds
 r - a potion of might {unknown}
 s - a potion of mutation {unknown}
 v - a potion of haste {unknown}
 w - a potion of cure mutation
 D - a potion of ambrosia {unknown}
 E - a potion of berserk rage {unknown}
 G - a potion of agility {unknown}
Books
 u - a Young Poisoner's Handbook

   Spells                             Type                      Level
   a - Sting                          Conjuration/Poison           1
   b - Cure Poison                    Poison                       2
   c - Mephitic Cloud                 Conjuration/Poison/Air       3
   d - Olgreb's Toxic Radiance        Poison                       4
   e - Venom Bolt                     Conjuration/Poison           5
 H - Vehumet's Almanac of Confrontation
   (You found it on level 8 of the Dungeon)

   Spells                             Type                      Level
   a - Magic Dart                     Conjuration                  1
 I - Kikubaaqudgha's Papyrus of Stolen Souls
   (You found it on level 8 of the Dungeon)

   Spells                             Type                      Level
   a - Pain                           Necromancy                   1
 J - Sif Muna's Handbook of the Oath
   (You found it on level 8 of the Dungeon)

   Spells                             Type                      Level
   a - Corona                         Hexes                        1
Comestibles
 c - 3 bread rations
 g - a royal jelly
 i - 5 meat rations
 m - a beef jerky
 o - a slice of pizza
 A - 3 fruits


   Skills:
 + Level 7.7 Fighting
 + Level 7.6 Axes
 + Level 7.8 Armour
 + Level 7.0 Dodging
 + Level 2.4 Stealth
 + Level 2.9 Invocations
 + Level 2.6 Evocations


You had 9 spell levels left.
You didn't know any spells.

Dungeon Overview and Level Annotations

Branches:
Dungeon (9/15)             Temple (0/1) D:4            Lair (0/8) D:9
    Orc: D:9-12

Altars:
Cheibriados
Elyvilon
Kikubaaqudgha
Okawaru
Sif Muna
Vehumet
Yredelemnul

Shops:
D:5 }


Innate Abilities, Weirdness & Mutations

You have hooves in place of feet.
You are mostly covered in yellow scales (AC +3).
Your flesh is heat resistant.
You are partially covered in sharp spines.
You have sharp fingernails.
Your system is resistant to poisons.
You are covered in fur (AC +1).


Message History

You see here an arrow.
The centaur zaps a wand.
The bolt of lightning misses you. The bolt of lightning hits you!
You slash the centaur!
The centaur is heavily wounded.
The centaur zaps a wand.
The bolt of lightning hits you! The bolt of lightning hits you!
* * * LOW HITPOINT WARNING * * *
The centaur unwields an uncursed shortbow.
The centaur hits you but does no damage.
You hit the centaur.
The centaur is heavily wounded.
The centaur is struck by your spines. The centaur hits you.
* * * LOW HITPOINT WARNING * * *
You hit the centaur but do no damage.
The centaur is almost dead.
The centaur zaps a wand.
The bolt of lightning hits you!
* * * LOW HITPOINT WARNING * * *
The bolt of lightning hits you!
You die...

#########+### #...........#
########### ######...........#
#.......... #(...'.....<.....#
###..........
..####...........####............
### #...........##.[.#.....<....
#..>........((.###..........
#.........c@#### ########.##
##+########## #####..# ..#######
######....>## #.......#
#......##### ###########'##
##.####### #...........[#
#......... #............#
#.........
#...<........###.........
#............#..^........


You could see a centaur.

Vanquished Creatures
  Pikel (D:6)
  The ghost of Gargoyl the Skirmisher, a novice DsAK of Lugonu (D:4)
  Sigmund (D:3)
  6 yaks (D:9)
  A wyvern (D:9)
  A hungry ghost (D:7)
  Menkaure (D:6)
  Edmund (D:6)
  2 slaves (D:6)
  Duvessa (D:6)
  4 centaurs
  An orc warrior (D:6)
  4 ogres
  A black bear (D:6)
  An ice beast (D:6)
  5 sky beasts
  A phantom (D:9)
  6 giant frogs
  Blork the orc (D:5)
  Dowan (D:6)
  A gnoll sergeant (D:8)
  A water moccasin zombie (D:9)
  5 scorpions
  4 killer bees
  4 crimson imps
  A centaur zombie (D:7)
  5 orc wizards
  3 jellies
  4 giant frog skeletons
  Ijyb (D:3)
  3 hounds
  8 orc priests
  3 iguanas
  Natasha (twice) (D:4)
  6 worker ants
  A hound zombie (D:7)
  A worker ant zombie (D:6)
  Robin (D:3)
  4 gnolls
  4 adders
  3 shadow imps
  4 oozes
  2 adder skeletons (D:7)
  2 worms
  3 giant geckos
  23 orcs
  2 ball pythons (D:2)
  8 giant cockroaches
  11 hobgoblins
  7 jackals
  A quokka (D:4)
  A ball python zombie (D:6)
  5 bats
  A giant gecko skeleton (D:6)
  3 giant newts
  16 goblins
  9 kobolds
  A quokka skeleton (D:5)
  14 rats
219 creatures vanquished.

Vanquished Creatures (others)
  A slave (D:6)
  A hound (D:6)
2 creatures vanquished.

Grand Total: 221 creatures vanquished

Notes
Turn   | Place    | Note
--------------------------------------------------------------
     0 | Abyss:1  | Gargoyl the Demonspawn Abyssal Knight began the quest for the Orb.
     0 | Abyss:1  | Reached XP level 1. HP: 18/18 MP: 2/2
     0 | Abyss:1  | Noticed a great orb of eyes
     9 | Abyss:1  | Found a corrupted altar of Lugonu.
    11 | Abyss:1  | Paralysed by a great orb of eyes for 7 turns
    18 | D:1      | Escaped the Abyss
   277 | D:1      | Gained mutation: You are partially covered in yellow scales (AC +2). [demonic ancestry]
   277 | D:1      | Reached XP level 2. HP: 22/24 MP: 4/4
   478 | D:1      | Reached * piety under Lugonu
   511 | D:1      | HP: 1/24 [gnoll/whip (5)]
   512 | D:1      | Reached skill level 1 in Dodging
  1134 | D:1      | Gained mutation: You are partially covered in sharp spines. [demonic ancestry]
  1134 | D:1      | Reached XP level 3. HP: 28/30 MP: 5/5
  1903 | D:2      | Gained mutation: You are mostly covered in yellow scales (AC +3). [demonic ancestry]
  1903 | D:2      | Reached XP level 4. HP: 37/37 MP: 6/6
  1905 | D:2      | Reached ** piety under Lugonu
  2063 | D:3      | Reached skill level 4 in Fighting
  2070 | D:3      | Noticed Robin
  2114 | D:3      | Killed Robin
  2495 | D:3      | Noticed Sigmund
  2496 | D:3      | Noticed Ijyb
  2513 | D:3      | Killed Ijyb
  2513 | D:3      | Reached XP level 5. HP: 40/42 MP: 7/7
  2525 | D:3      | Killed Sigmund
  2525 | D:3      | Reached skill level 1 in Stealth
  2525 | D:3      | Gained mutation: Your flesh is heat resistant. [demonic ancestry]
  2525 | D:3      | Reached XP level 6. HP: 23/49 MP: 8/8
  2867 | D:4      | Found an iron altar of Okawaru.
  2867 | D:4      | Found a snail-covered altar of Cheibriados.
  2980 | D:4      | Noticed Gargoyl's ghost (novice DsAK)
  2983 | D:4      | Noticed Natasha
  3022 | D:4      | Killed Gargoyl's ghost
  3022 | D:4      | Reached skill level 5 in Fighting
  3022 | D:4      | Gained mutation: You have large cloven feet. [demonic ancestry]
  3022 | D:4      | Reached XP level 7. HP: 25/56 MP: 9/9
  3030 | D:4      | Killed Natasha
  3030 | D:4      | Reached *** piety under Lugonu
  3032 | D:4      | Found a staircase to the Ecumenical Temple.
  3641 | D:4      | Noticed Natasha
  3665 | D:4      | Killed Natasha
  3998 | D:5      | Entered Level 5 of the Dungeon
  4092 | D:5      | Noticed Blork the orc
  4102 | D:5      | Killed Blork the orc
  4293 | D:5      | Gained mutation: You have hoof-like feet. [demonic ancestry]
  4293 | D:5      | Reached XP level 8. HP: 49/62 MP: 10/10
  4329 | D:5      | Gained mutation: You have supernaturally acute eyesight. [mutagenic meat]
  4330 | D:5      | Gained mutation: Your system is resistant to poisons. [mutagenic meat]
  4332 | D:5      | Gained mutation: You possess an exceptional clarity of mind. [mutagenic meat]
  4333 | D:5      | Gained mutation: You are covered in fur (AC +1). [mutagenic meat]
  4437 | D:5      | Reached skill level 5 in Dodging
  5132 | D:5      | Reached skill level 1 in Evocations
  5224 | D:5      | Reached skill level 5 in Axes
  5479 | D:5      | Found Hidghej's Gadget Emporium.
  5948 | D:5      | Reached skill level 6 in Fighting
  6208 | D:6      | Reached skill level 5 in Armour
  6217 | D:6      | Gained mutation: Your magical capacity is low (-10% MP). [mutagenic meat]
  6218 | D:6      | Gained mutation: You have sharp fingernails. [mutagenic meat]
  6317 | D:6      | Reached XP level 9. HP: 65/69 MP: 10/10
  6329 | D:6      | Reached **** piety under Lugonu
  6504 | D:6      | Found a deep blue altar of Sif Muna.
  6510 | D:6      | Noticed Pikel
  6545 | D:6      | Killed Pikel
  6637 | D:6      | Noticed Menkaure
  6643 | D:6      | Killed Menkaure
  6676 | D:6      | Noticed Edmund
  6697 | D:6      | Killed Edmund
  6819 | D:6      | Gained mutation: Your body sometimes deteriorates upon taking damage. [mutagenic meat]
  6927 | D:6      | Noticed Duvessa
  6929 | D:6      | Noticed Dowan
  6945 | D:6      | Killed Duvessa
  6949 | D:6      | Killed Dowan
  7133 | D:7      | Reached skill level 7 in Fighting
  7657 | D:7      | Gained mutation: You have hooves in place of feet. [demonic ancestry]
  7657 | D:7      | Reached XP level 10. HP: 79/79 MP: 11/11
  7662 | D:7      | Lost mutation: You have supernaturally acute eyesight. [mutagenic meat]
  7663 | D:7      | Gained mutation: Your body often deteriorates upon taking damage. [mutagenic meat]
  7665 | D:7      | Gained mutation: Your flesh is very heat resistant. [mutagenic meat]
  8038 | D:7      | Found a basalt altar of Yredelemnul.
  8127 | D:7      | Found a white marble altar of Elyvilon.
  8211 | D:8      | Identified a scroll of acquirement
  8870 | D:8      | Found an ancient bone altar of Kikubaaqudgha.
  8872 | D:8      | Found a deep blue altar of Sif Muna.
  8872 | D:8      | Found a radiant altar of Vehumet.
  8877 | D:8      | Identified Vehumet's Almanac of Confrontation
  8884 | D:8      | Identified Kikubaaqudgha's Papyrus of Stolen Souls
  8891 | D:8      | Identified Sif Muna's Handbook of the Oath
  8948 | D:9      | Reached ***** piety under Lugonu
  9203 | D:9      | Lost mutation: Your body often deteriorates upon taking damage. [potion of cure mutation]
  9203 | D:9      | Lost mutation: Your magical capacity is low (-10% MP). [potion of cure mutation]
  9203 | D:9      | Lost mutation: Your body sometimes deteriorates upon taking damage. [potion of cure mutation]
  9203 | D:9      | Lost mutation: You possess an exceptional clarity of mind. [potion of cure mutation]
  9203 | D:9      | Lost mutation: Your flesh is very heat resistant. [potion of cure mutation]
  9442 | D:9      | Found a staircase to the Lair.
  9491 | D:9      | HP: 1/80 [centaur/wand of lightning (14)]
  9491 | D:9      | Killed from afar by a centaur

Action                   |  1- 3 |  4- 6 |  7- 9 | 10-12 || total
-------------------------+-------+-------+-------+-------++-------
Melee: Hand axe          |    89 |   117 |   316 |    38 ||   560
       Unarmed           |       |       |     8 |       ||     8
       War axe           |       |       |       |   102 ||   102
Invok: Depart the Abyss  |     1 |       |       |       ||     1
Evoke: Wand              |       |       |     8 |       ||     8
  Use: Scroll            |       |       |    12 |     3 ||    15
       Potion            |       |       |       |     5 ||     5
  Eat: Chunk             |     3 |     1 |    27 |     6 ||    37
       Bread ration      |       |     1 |       |     1 ||     2
       Fruit             |       |       |     4 |       ||     4
